 Dungeon Crawl Stone Soup version 0.29.1-15-g9cfb28693d (webtiles) character file.

Game seed: 6438196760028057428

1307 undeadgraduate the Trooper (level 8, -1/73 HPs)
             Began as a Minotaur Abyssal Knight on Apr 2, 2023.
             Was a Priest of Lugonu.
             Slain by an apocalypse crab (7 damage)
             ... summoned by Lugonu's corruption
             ... on level 4 of the Dungeon.
             The game lasted 00:36:45 (3662 turns).

undeadgraduate the Trooper (MiAK)                   Turns: 3662, Time: 00:36:49

Health: -1/73      AC:  3    Str: 19 (20) XL:     8   Next: 32%
Magic:  5/10       EV: 12    Int:  9      God:    Lugonu [***...]
Gold:   189        SH:  0    Dex: 11      Spells: 7/7 levels left

rFire   . . .      SeeInvis +   m - +9 long sword of Autumn {freeze, Contam Int+2 SInv}
rCold   . . .      Faith    +   (no shield)
rNeg    . . .      Spirit   .   b - +0 leather armour
rPois   .          Reflect  .   (helmet restricted)
rElec   .          Harm     .   (no cloak)
rCorr   .          Rampage  .   (no gloves)
Will    .....                   (no boots)
Stlth   +.........              g - amulet of faith
HPRegen 0.22/turn               (no ring)
MPRegen 0.12/turn               (no ring)

@: no status effects
A: horns 2, retaliatory headbutt
a: Renounce Religion, Depart the Abyss, Bend Space, Banish


You were on level 4 of the Dungeon.
You worshipped Lugonu.
Lugonu was most pleased with you.
You visited 1 branch of the dungeon, and saw 4 of its levels.
You visited the Abyss 1 time.

You collected 189 gold pieces.

Inventory:

Hand Weapons
 a - a +1 falchion
 c - a +2 rapier of draining
 j - a +2 war axe of electrocution
 l - the +5 trident of a Thousand Shrikes {vorpal, Will+}
   (You found it on level 3 of the Dungeon)

   It inflicts extra damage upon your enemies.
   Will:      It increases your willpower.
 m - the +9 long sword of Autumn (weapon) {freeze, Contam Int+2 SInv}
   (You found it on level 4 of the Dungeon)

   It freezes those it strikes, dealing additional cold damage.
   It can also slow down cold-blooded creatures.
   Int:       It affects your intelligence (+2).
   SInv:      It lets you see invisible.
   Contam:    It causes magical contamination when unequipped.
Armour
 b - a +0 leather armour (worn)
Jewellery
 g - an amulet of faith (around neck)
 n - an amulet of faith
Scrolls
 p - 2 scrolls of poison
Potions
 d - 2 potions of brilliance
 e - 2 potions of attraction
 f - a potion of lignification {unknown}
 i - 2 potions of mutation {unknown}
 k - 2 potions of flight
 o - a potion of cancellation


   Skills:
 + Level 7.5 Fighting
 + Level 0.8(3.3) Short Blades
 + Level 5.6(5.7) Long Blades
 + Level 3.5(3.6) Axes
 + Level 0.7(2.3) Polearms
 + Level 4.3 Armour
 + Level 2.7 Dodging
 + Level 0.6 Stealth
 + Level 5.1 Invocations


You had 7 spell levels left.
You didn't know any spells.
Your spell library contained the following spells:

 Spells                   Type           Power      Damage    Failure   Level
 Apportation              Tloc           0%         N/A       43%         1
 Summon Small Mammal      Summ           0%         N/A       43%         1
 Blink                    Tloc           0%         N/A       56%         2
 Static Discharge         Conj/Air       0%         3-3/arc   56%         2
 Call Canine Familiar     Summ           0%         N/A       80%         3
 Inner Flame              Hex/Fire       0%         N/A       80%         3
 Lesser Beckoning         Tloc           0%         N/A       80%         3
 Summon Guardian Golem    Hex/Summ       0%         N/A       80%         3
 Cause Fear               Hex            0%         N/A       99%         4
 Dispel Undead            Necr           0%         3d6       99%         4
 Sticky Flame             Conj/Fire      0%         2d3       99%         4
 Alistair's Intoxication  Tmut/Pois      0%         N/A       100%        5
 Manifold Assault         Tloc           0%         N/A       100%        5
 Discord                  Hex            0%         N/A       100%        8


Dungeon Overview and Level Annotations

Branches:
Dungeon (4/15)
 Temple: D:4-7

Altars:
Elyvilon
Fedhas

Annotations:
D:4 corrupted


Innate Abilities, Weirdness & Mutations

You have a pair of horns on your head.
You reflexively headbutt those who attack you in melee.


Message History

The eidolon barely misses you.
Activating: Bend Space (1% risk of failure)
Press: ? - help, Q - select action, (/) - cycle Dir - look around, f - activate Space bends violently around you!
You blink.
The iron imp blinks!
Activating: Bend Space (1% risk of failure)
Press: ? - help, Q - select action, (/) - cycle Dir - look around, f - activate Space bends violently around you!
You blink.
The ufetubus refuses to make way for you. (Use ctrl+direction or * direction to attack.)
You catch the helpless ufetubus completely off-guard!
You slash the ufetubus!
You kill the ufetubus!
The ufetubus disappears in a puff of smoke!
You swing at nothing.
You are too injured to fight recklessly!
There are monsters nearby!
The iron imp misses you.
You hit the iron imp.
The iron imp shouts!
You punch the iron imp.
The iron imp is lightly wounded.
The iron imp misses you.
You hit the iron imp. You freeze the iron imp.
The iron imp is heavily wounded.
You feel yourself speed up.
The cacodemon gestures at the iron imp.
The iron imp appears confused.
The iron imp hits you!
The cacodemon gestures at the iron imp.
The iron imp twists and deforms.
You catch the helpless iron imp completely off-guard!
You hit the iron imp. You headbutt the iron imp.
You kill the iron imp!
The iron imp disappears in a puff of smoke!
You slash the apocalypse crab! You freeze the apocalypse crab.
The apocalypse crab is moderately wounded.
The apocalypse crab bites you!
* * * LOW HITPOINT WARNING * * *
The apocalypse crab shocks you!
* * * LOW HITPOINT WARNING * * *
The apocalypse crab claws you!
You die...

)# #+## 2###. #.#. )#
####.# ..# ## #...
.######....# ##.#.#
#### ...........##
...#.#
#######....#######....#
##......#.#X###.#
#.......2......#
#.#....#t#...#..#
#.....###@...# #
####### ####....# #..##
###


You could see an apocalypse crab (summoned), a neutral cacodemon (summoned,
distracted) and a neutral large abomination (summoned, distracted).

Vanquished Creatures
  A glowing orange brain (Abyss:1)
  The ghost of KingKong the Ruffian, an amateur TrGl (D:4)
  3 ogres (D:4)
  Blork the orc (D:4)
  A necrophage (D:4)
  The ghost of domi the Digger, a weakling MeEE (D:3)
  2 hounds
  A jelly (D:4)
  2 orc priests (D:4)
  An orc wizard (D:4)
  A gnoll (D:3)
  7 adders
  2 worms (D:2)
  A dart slug (D:4)
  6 orcs (D:4)
  8 ball pythons
  8 bats
  10 endoplasms
  9 giant cockroaches
  3 goblins
  5 hobgoblins
  5 jackals
  A kobold (D:1)
  4 quokkas
  4 frilled lizards
  8 rats
  2 bushes (D:3)
98 creatures vanquished.

Notes
Turn   | Place    | Note
-------+----------+-------------------------------------------
     0 | Abyss:1  | undeadgraduate the Minotaur Abyssal Knight began the quest
                  | for the Orb.
     0 | Abyss:1  | Reached XP level 1. HP: 19/19 MP: 1/1
    20 | Abyss:1  | Noticed a glowing orange brain
    42 | Abyss:1  | Noticed a large abomination
    42 | Abyss:1  | Noticed a raiju
    43 | Abyss:1  | Noticed a raiju
    46 | Abyss:1  | Killed a glowing orange brain
    47 | Abyss:1  | Reached skill level 6 in Fighting
    47 | Abyss:1  | Reached XP level 2. HP: 19/31 MP: 2/2
    47 | Abyss:1  | Reached XP level 3. HP: 23/38 MP: 3/3
    47 | Abyss:1  | Reached XP level 4. HP: 28/45 MP: 4/4
    47 | Abyss:1  | Reached XP level 5. HP: 31/51 MP: 5/5
    49 | D:1      | Escaped the Abyss
   162 | D:1      | Found a runed translucent door.
   312 | D:1      | Reached XP level 6. HP: 54/58 MP: 4/6
   400 | D:1      | Found a faded altar of an unknown god.
   584 | D:1      | Reached *** piety under Lugonu
  1893 | D:3      | Found a runed translucent gate.
  1894 | D:3      | Found a runed translucent gate.
  1894 | D:3      | Found a runed translucent gate.
  1896 | D:3      | Noticed domi's ghost (weakling MeEE)
  1902 | D:3      | Killed domi's ghost
  2120 | D:3      | Reached skill level 1 in Axes
  2242 | D:3      | Identified the +5 trident of a Thousand Shrikes {vorpal,
                  | Will+}
  2290 | D:4      | Reached XP level 7. HP: 57/64 MP: 8/8
  2293 | D:4      | Identified the +9 long sword of Autumn {freeze, Contam
                  | Int+2 SInv}
  2373 | D:4      | Reached skill level 7 in Fighting
  2466 | D:4      | Found a runed translucent door.
  2466 | D:4      | Noticed KingKong's ghost (amateur TrGl)
  2473 | D:4      | Killed KingKong's ghost
  2571 | D:4      | Noticed Blork the orc
  2576 | D:4      | Killed Blork the orc
  2705 | D:4      | Found a white marble altar of Elyvilon.
  2793 | D:4      | Reached skill level 5 in Long Blades
  2793 | D:4      | Reached XP level 8. HP: 71/73 MP: 10/10
  2869 | D:4      | Found Texiu's Weapon Shop.
  3190 | D:4      | Reached skill level 5 in Invocations
  3269 | D:4      | Reached **** piety under Lugonu
  3378 | D:4      | Found a blossoming altar of Fedhas.
  3640 | D:4      | Corrupted D:4
  3640 | D:4      | Noticed a blink frog
  3640 | D:4      | Noticed an eidolon
  3640 | D:4      | Noticed a hellion
  3640 | D:4      | Noticed a tentacled starspawn
  3641 | D:4      | Noticed a cacodemon
  3646 | D:4      | Noticed a raiju
  3650 | D:4      | Noticed a large abomination
  3657 | D:4      | Noticed an apocalypse crab
  3662 | D:4      | Slain by an apocalypse crab

Illustrated notes

Levels and vault maps discovered:
D:1:      dpeg_arrival_caged_fury, layout_rooms, ebering_ecumenical_altar_mist
D:2:      layout_rooms, minmay_domino_4
D:3:      layout_loops_ring, ebering_ghost_rock_garden, cheibrodos_gnoll_hut
D:4:      layout_loops_corners, mainiacjoe_overflow_concentric_impassable,
          fedhas_altar_fruit_tree, gammafunk_ghost_grave, serial_shops, shop,
          uniq_blork_the_orc

Skill      XL: |  1  2  3  4  5  6  7  8 |
---------------+-------------------------+-----
Fighting       | 6 7 |  7.5
Long Blades    | 4 5 |  5.6
Armour         | 3 4 |  4.3
Invocations    | 2 3 4 5 |  5.1
Axes           | 1 3 |  3.5
Dodging        | 2 |  2.7
Short Blades   | |  0.8
Polearms       | |  0.7
Stealth        | |  0.6

Action                   |  1- 3 |  4- 6 |  7- 9 || total
-------------------------+-------+-------+-------++-------
Melee: Falchion          |     7 |       |       ||     7
       Headbutt          |     2 |    25 |    11 ||    38
       Rapier            |       |    72 |       ||    72
       War axe           |       |    66 |       ||    66
       Trident           |       |     6 |       ||     6
       Punch             |       |     2 |     1 ||     3
       Long sword        |       |       |    61 ||    61
Throw: Stone             |       |     9 |       ||     9
Invok: Bend Space        |       |     2 |     2 ||     4
       Banish            |       |     6 |     1 ||     7
       Corrupt           |       |       |     1 ||     1
  Use: Potion            |       |     5 |     1 ||     6
       Scroll            |       |     6 |     2 ||     8
 Stab: Distracted        |       |       |     1 ||     1
       Confused          |       |       |     1 ||     1
Armor: Leather armour    |       |    41 |     8 ||    49
Dodge: Dodged            |       |    87 |    35 ||   122
